 Dungeon Crawl Stone Soup version 0.18.1-1-g2f07953 (webtiles) character file.

2176 Tarnath the Protected (level 9, 0/71 HPs)
             Began as a Formicid Fighter on May 6, 2016.
             Was a Believer of Cheibriados.
             Slain by a killer bee (3 damage)
             ... on level 7 of the Dungeon.
             The game lasted 00:18:25 (5485 turns).

Tarnath the Protected (Formicid Fighter)            Turns: 5485, Time: 00:18:26

Health: 0/71       AC:  9    Str: 31    XL:     9   Next: 58%
Magic:  9/12       EV:  9    Int: 13    God:    Cheibriados [**....]
Gold:   103        SH: 12    Dex: 19    Spells: 0 memorised, 8 levels left

rFire  + . .     SeeInvis +     a - +1 quarterstaff
rCold  . . .     Gourm    +     A - +1 ring mail of Absolutism {*Drain rPois rN++}
rNeg   + + .     Faith    .     c - +1 shield
rPois  +         Spirit   .     (helmet unavailable)
rElec  .         Dismiss  .     t - +0 cloak
rCorr  .         Reflect  .     (no gloves)
SustAt .         Harm     .     (no boots)
MR     .....                    r - amulet of the gourmand
Stlth  ++........               (no ring)
                                g - ring of stealth

@: mighty, very slow, not resistant to hostile enchantments, unstealthy
A: permanent stasis, dig shafts and tunnels, four strong arms, antennae 3, fire
resistance 1, weak 1, MP-powered wands
a: Dig, Shaft Self, Bend Time, Renounce Religion


You were on level 7 of the Dungeon.
You worshipped Cheibriados.
Cheibriados was pleased with you.
You were full.

You visited 1 branch of the dungeon, and saw 7 of its levels.

You collected 337 gold pieces.
You spent 234 gold pieces at shops.

Inventory:

Hand Weapons
 a - a +1 quarterstaff (weapon)
Armour
 c - a +1 shield (worn)
 t - a +0 cloak (worn)
 x - a +0 plate armour
 A - the +1 ring mail of Absolutism (worn) {*Drain rPois rN++}
   (You bought it in a shop on level 6 of the Dungeon)

   It protects you from poison.
   It greatly protects you from negative energy.
   It causes draining when unequipped.
Jewellery
 g - a ring of stealth (left hand)
 r - an amulet of the gourmand (around neck)
Wands
 p - a wand of disintegration (24/24)
Scrolls
 e - a scroll of enchant armour
 h - a scroll of amnesia
 n - 2 scrolls of magic mapping
Potions
 b - 2 potions of flight
 d - a potion of might
 i - a potion of cure mutation
 j - 2 potions of brilliance
 q - a potion of curing
 v - 2 potions of heal wounds {unknown}
 z - a potion of magic {unknown}
Books
 k - a Necronomicon

   Spells                             Type                      Level
   a - Haunt                          Necromancy/Summoning         7
   b - Borgnjor's Revivification      Necromancy                   8
   c - Death's Door                   Charms/Necromancy            8
   d - Necromutation                  Transmutation/Necromancy     8
Comestibles
 f - 8 bread rations
 l - a meat ration
 s - 2 beef jerkies
 u - a slice of pizza
 w - 3 fruits


   Skills:
 + Level 6.6 Fighting
 * Level 7.3 Staves
 * Level 8.3 Armour
 - Level 3.6 Shields
 + Level 5.1 Invocations


You had 8 spell levels left.
You didn't know any spells.

Dungeon Overview and Level Annotations

Branches:
Dungeon (7/15)             Temple (0/1) D:6

Altars:
Cheibriados
Dithmenos
Elyvilon
Gozag
Makhleb
Okawaru
Pakellas
Ru
Trog
Vehumet
Zin
The Shining One

Shops:
D:4 (   D:6 [


Innate Abilities, Weirdness & Mutations

You are under a permanent stasis effect.
You can dig through walls and to a lower floor.
Your four strong arms can wield two-handed weapons with a shield.
You have a pair of large antennae on your head (SInv).
Your flesh is heat resistant.
You are weak. (Str -2)
You expend magic power (3 MP) to strengthen your wands.


Message History

You warp the flow of time around you!
You can no longer warp the flow of time around you.
You thump the killer bee!
You kill the killer bee!
Cheibriados thoroughly appreciates the change of pace.
You block the killer bee's attack.
You barely miss the killer bee. The killer bee closely misses you.
You block the killer bee's attack. x2; The killer bee stings you.
* * * LOW HITPOINT WARNING * * *
You miss the killer bee. The killer bee closely misses you.
You block the killer bee's attack. The killer bee stings you.
* * * LOW HITPOINT WARNING * * *
The killer bee closely misses you.
You closely miss the killer bee. You block the killer bee's attack.
The killer bee stings you but does no damage.
You block the killer bee's attack.
You sock the killer bee!
The killer bee is severely wounded.
The killer bee stings you.
You die...

#.. ...... ##
..... #....
#... ...#
#..# ....#
#..
......###†#
.....<..#yy#
#<.......#.@#
.........#..#
...........##
...........#
#..........#
#..........#
####
#........##
...##
##.......#
....##
##...#..#


You could see 2 killer bees.

Vanquished Creatures
  Pikel (D:5)
  Grinder (D:5)
  Sigmund (D:5)
  A phantom (D:4)
  A sky beast (D:7)
  2 ogres
  A centaur (D:6)
  2 scorpions (D:6)
  3 killer bees (D:7)
  2 howler monkeys
  2 crimson imps
  A giant frog zombie (D:7)
  4 hounds
  A jelly (D:5)
  Crazy Yiuf (D:3)
  A giant frog skeleton (D:6)
  An orc priest (D:4)
  2 centaur skeletons
  Ijyb (D:3)
  2 iguanas (D:4)
  4 worker ants
  A worker ant zombie (D:6)
  6 gnolls
  4 adders
  2 oozes
  An adder skeleton (D:4)
  2 worms
  2 dart slugs
  3 giant geckos
  6 orcs
  2 ball pythons
  2 giant cockroaches
  7 goblins
  10 hobgoblins
  8 jackals
  4 quokkas
  7 bats
  A giant cockroach zombie (D:5)
  6 giant newts
  A jackal skeleton (D:4)
  9 kobolds
  A quokka skeleton (D:4)
  10 rats
130 creatures vanquished.

Vanquished Creatures (others)
  A wizard (D:3)
  A slave (D:5)
  A scorpion (D:5)
3 creatures vanquished.

Grand Total: 133 creatures vanquished

Notes
Turn   | Place    | Note
--------------------------------------------------------------
     0 | D:1      | Tarnath the Formicid Fighter began the quest for the Orb.
     0 | D:1      | Reached XP level 1. HP: 18/18 MP: 1/1
   151 | D:1      | Reached XP level 2. HP: 21/24 MP: 2/2
   231 | D:1      | Reached XP level 3. HP: 25/29 MP: 3/3
   333 | D:1      | Reached skill level 4 in Armour
   841 | D:2      | Reached XP level 4. HP: 24/37 MP: 4/4
   876 | D:2      | Found a bloodstained altar of Trog.
  1257 | D:2      | Found a glowing silver altar of Zin.
  1526 | D:3      | Found an oddly glowing altar of Pakellas.
  1527 | D:3      | Found a snail-covered altar of Cheibriados.
  1528 | D:3      | Found a glowing golden altar of the Shining One.
  1544 | D:3      | Became a worshipper of Cheibriados the Contemplative
  1574 | D:3      | Gained mutation: You are weak. (Str -2) [potion of mutation]
  1574 | D:3      | Gained mutation: Your flesh is heat resistant. [potion of mutation]
  1574 | D:3      | Gained mutation: You expend magic power (3 MP) to strengthen your wands. [potion of mutation]
  1789 | D:3      | Reached XP level 5. HP: 42/42 MP: 5/5
  1811 | D:3      | Found a bloodstained altar of Trog.
  1814 | D:3      | Noticed a wizard
  1818 | D:3      | Killed a wizard
  1875 | D:3      | Noticed Ijyb
  1889 | D:3      | Killed Ijyb
  2099 | D:3      | Noticed Crazy Yiuf
  2106 | D:3      | Killed Crazy Yiuf
  2459 | D:4      | Reached * piety under Cheibriados
  2474 | D:4      | Reached XP level 6. HP: 46/49 MP: 6/6
  2488 | D:4      | Reached skill level 5 in Armour
  2581 | D:4      | Reached skill level 1 in Invocations
  2671 | D:4      | Noticed an ogre
  2676 | D:4      | Killed an ogre
  2676 | D:4      | Reached XP level 7. HP: 34/55 MP: 6/8
  2912 | D:4      | Found a radiant altar of Vehumet.
  2913 | D:4      | Found a burning altar of Makhleb.
  2942 | D:4      | Found a sacrificial altar of Ru.
  3081 | D:4      | Reached skill level 5 in Fighting
  3099 | D:4      | Found Dirchuci's Antique Weapon Emporium.
  3802 | D:4      | Reached skill level 6 in Armour
  3833 | D:5      | Entered Level 5 of the Dungeon
  3847 | D:5      | Reached ** piety under Cheibriados
  3862 | D:5      | Found an opulent altar of Gozag.
  3883 | D:5      | Reached skill level 5 in Staves
  3937 | D:5      | Reached XP level 8. HP: 55/62 MP: 8/10
  3997 | D:5      | Noticed Grinder
  3998 | D:5      | Noticed Pikel
  4012 | D:5      | Killed Pikel
  4012 | D:5      | Reached skill level 7 in Armour
  4023 | D:5      | Killed Grinder
  4331 | D:5      | Noticed Sigmund
  4340 | D:5      | Killed Sigmund
  4340 | D:5      | Reached XP level 9. HP: 69/69 MP: 10/12
  4460 | D:6      | Found a staircase to the Ecumenical Temple.
  4551 | D:6      | Found Widwitri's Antique Armour Shoppe.
  4567 | D:6      | Bought a smoking ring mail for 234 gold pieces
  4577 | D:6      | Identified the +1 ring mail of Absolutism {*Drain rPois rN++} (You bought it in a shop on level 6 of the Dungeon)
  4615 | D:6      | Reached skill level 8 in Armour
  4649 | D:6      | Found an iron altar of Okawaru.
  5262 | D:7      | Found a shadowy altar of Dithmenos.
  5316 | D:7      | Reached skill level 5 in Invocations
  5334 | D:7      | Found a white marble altar of Elyvilon.
  5349 | D:7      | Reached *** piety under Cheibriados
  5482 | D:7      | HP: 3/71 [killer bee (6)]
  5485 | D:7      | Slain by a killer bee

Skill      XL: |  1  2  3  4  5  6  7  8  9 |
---------------+----------------------------+-----
Armour         | 4 5 6 7 8 |  8.3
Staves         | 3 4 5 6 7 |  7.3
Fighting       | 4 5 6 |  6.6
Invocations    | 1 2 4 5 |  5.1
Shields        | |  3.6

Action                   |  1- 3 |  4- 6 |  7- 9 || total
-------------------------+-------+-------+-------++-------
Melee: Quarterstaff      |    83 |   220 |   295 ||   598
Invok: Temporal Distorti |       |       |     1 ||     1
  Use: Scroll            |       |     9 |     7 ||    16
       Potion            |       |     2 |     1 ||     3
  Eat: Chunk             |       |    14 |     4 ||    18
Armor: Scale mail        |    65 |    77 |       ||   142
       Plate armour      |       |    41 |   105 ||   146
       Ring mail         |       |       |    52 ||    52
Dodge: Dodged            |    32 |    80 |    81 ||   193
Block: Shield            |    54 |   129 |   177 ||   360
